 Dungeon Crawl Stone Soup version 0.23-a0-841-g41928f0 (webtiles) character file.

939 JeffiDaFish the Grave Robber (level 7, -3/54 HPs)
             Began as a Mummy Necromancer on Jan 25, 2019.
             Slain by an ogre
             ... wielding a +0 giant spiked club
              (20 damage)
             ... on level 5 of the Dungeon.
             The game lasted 00:15:18 (4971 turns).

JeffiDaFish the Grave Robber (Mummy Necromancer)    Turns: 4971, Time: 00:15:18

Health: -3/54      AC:  3    Str: 11    XL:     7   Next: 87%
Magic:  16/16      EV: 12    Int: 16    God:
Gold:   268        SH:  0    Dex: 13    Spells: 9/18 levels left

rFire    x . .     SeeInvis .   b - +2 short sword (protect)
rCold    + . .     Gourm    .   (no shield)
rNeg     + + +     Faith    .   a - +0 robe
rPois    ∞         Spirit   .   (no helmet)
rElec    .         Reflect  .   (no cloak)
rCorr    .         Harm     .   (no gloves)
MR       .....                  c - +0 pair of boots
Stlth    ++........             j - amulet of magic regeneration
HPRegen  0.18/turn              (no ring)
MPRegen  0.40/turn              (no ring)

@: no status effects
A: no food or potions, fire vulnerability, cold resistance 1, negative energy
resistance 3, torment resistance, unbreathing
a: no special abilities


You were on level 5 of the Dungeon.
You were not hungry.

You visited 1 branch of the dungeon, and saw 5 of its levels.

You collected 268 gold pieces.

Inventory:

Hand Weapons
 b - a +2 short sword of protection (weapon)
Armour
 a - a +0 robe (worn)
 c - a +0 pair of boots (worn)
Jewellery
 e - an uncursed ring of magical power {unknown}
 j - an amulet of magic regeneration (around neck)
Scrolls
 d - a scroll of teleportation
 g - a scroll of identify
 h - a scroll of remove curse


   Skills:
 + Level 4.2 Fighting
 - Level 1.5 Dodging
 - Level 1.5 Stealth
 + Level 6.0 Spellcasting
 * Level 7.6 Necromancy


You had 9 spell levels left.
You knew the following spells:

 Your Spells              Type           Power        Failure   Level  Hunger
a - Pain                  Necr           ####         1%          1    N/A
b - Animate Skeleton      Necr           N/A          1%          1    N/A
c - Vampiric Draining     Necr           ####......   1%          3    N/A
d - Animate Dead          Necr           N/A          6%          4    N/A

Your spell library contained the following spells:

 Spells                   Type           Power        Failure   Level  Hunger
 Regeneration             Chrm/Necr      Unusable     N/A         3    N/A

Dungeon Overview and Level Annotations

Branches:
Dungeon (5/15)
 Temple: D:4-7

Altars:
Ashenzari
Sif Muna
Uskayaw
Xom
The Shining One


Innate Abilities, Weirdness & Mutations

You do not eat or drink.
Your flesh is vulnerable to fire.
You are immune to poison.
Your flesh is cold resistant. (rC+)
You are immune to negative energy. (rN+++)
You are immune to unholy pain and torment.
You can survive without breathing.


Message History

You kill the dart slug!
You feel life coursing into your body.
The ogre shouts!
Things that are here:
3 arrows; a glowing hand axe
Found a scimitar.
Found a glass wand.
Something hits you!
* * * LOW HITPOINT WARNING * * *
Casting: Vampiric Draining (safe; 1% risk of failure)
Confirm with . or Enter, or press ? or * to list all spells.
Aiming: Vampiric Draining (safe; 1% risk of failure)
Press: ? - help, Shift-Dir - straight line Reactivating autopickup.
You feel a bit more experienced.
You feel life coursing into your body.
Items here: $ ) [ † a +0 bardiche; a +0 leather armour; 51 gold pieces; an orc corpse The ogre barely misses you.
The ogre hits you with a +0 giant spiked club!!
You die...

!..##.#
#.###.#..#*≈,,,,,≈**..#
#####.# #.#
#.#.##8_,,_,,_8**.# #.# #.#
#.#.#*##**8******,# #.# #.#
#.#.# *.##***,* *.# *,* #.#
#/..##*..# *,,#*#.* **,** #.#
##...##..##*..#*..* #..,* #.#
#.#..##..#..##,.#* #..,*
#.####O##....).....,.# #..,*
#......@...).#######.# #.#**
######.#####.........#
#.####### #.# #.######).#
#(......# #.# #.######O.#
#.......# #.# #.#....(..#
##.......# #.# ##.#.####.##
###.......####### ##....## #.#
...#.....##..######..#...# #.#
>##......#..8#..≈.##.....###.#


You could see an ogre.

Vanquished Creatures
  An orc warrior (D:5)
  A necrophage (D:5)
  A centaur (D:5)
  A howler monkey (D:5)
  3 orc priests
  A bullfrog skeleton (D:4)
  A hound (D:5)
  4 orc wizards
  Ijyb (D:5)
  3 worker ants
  4 gnolls
  3 adders
  An adder zombie (D:5)
  An adder skeleton (D:4)
  2 worms (D:2)
  7 dart slugs
  19 orcs
  A ball python (D:4)
  4 bats
  7 giant cockroaches
  5 goblins
  8 hobgoblins
  9 jackals
  A quokka (D:5)
  6 frilled lizards
  2 jackal skeletons (D:4)
  10 kobolds
  5 rats
112 creatures vanquished.

Vanquished Creatures (collateral kills)
  A scorpion (D:5)
  A hound (D:3)
  A worker ant (D:4)
  3 orcs
  A jackal (D:2)
  A kobold (D:2)
  A ball python skeleton (D:5)
  A bat (D:1)
  A frilled lizard (D:2)
  A rat (D:2)
12 creatures vanquished.

Grand Total: 124 creatures vanquished

Notes
Turn   | Place    | Note
-------+----------+-------------------------------------------
     0 | D:1      | JeffiDaFish the Mummy Necromancer began the quest for the
                  | Orb.
     0 | D:1      | Reached XP level 1. HP: 13/13 MP: 4/4
    94 | D:1      | Learned a level 1 spell: Animate Skeleton
   219 | D:1      | Reached XP level 2. HP: 20/20 MP: 6/6
   262 | D:1      | Reached skill level 1 in Fighting
   911 | D:1      | Reached XP level 3. HP: 24/26 MP: 5/7
  1061 | D:1      | Learned a level 3 spell: Vampiric Draining
  1391 | D:2      | Reached XP level 4. HP: 20/32 MP: 9/9
  1847 | D:3      | Reached skill level 5 in Necromancy
  2244 | D:3      | Found a faded altar of an unknown god.
  2504 | D:3      | Reached XP level 5. HP: 10/38 MP: 1/11
  2796 | D:3      | Learned a level 4 spell: Animate Dead
  3360 | D:4      | Reached XP level 6. HP: 31/46 MP: 12/12
  3705 | D:4      | Reached skill level 6 in Necromancy
  3770 | D:4      | Found a hide-covered altar of Uskayaw.
  3775 | D:4      | Found a shattered altar of Ashenzari.
  3984 | D:5      | Entered Level 5 of the Dungeon
  4053 | D:5      | Found a shimmering altar of Xom.
  4054 | D:5      | Found a shimmering altar of Xom.
  4054 | D:5      | Found a shimmering altar of Xom.
  4123 | D:5      | Noticed Ijyb
  4197 | D:5      | Reached skill level 5 in Spellcasting
  4352 | D:5      | Reached XP level 7. HP: 51/52 MP: 9/14
  4592 | D:5      | Killed Ijyb
  4690 | D:5      | Found a glowing golden altar of the Shining One.
  4781 | D:5      | Reached skill level 7 in Necromancy
  4849 | D:5      | Found a deep blue altar of Sif Muna.
  4971 | D:5      | Slain by an ogre

Vault maps used:
D:1:      minmay_arrival_solitary_statue
D:2:      cheibrodos_helix_gallery, nicolae_overflow_hidden_temple,
          hangedman_abyss_or_decor_stabs
D:3:      chequers_ecumenical_altar_island, minmay_hedge_maze
D:4:      chequers_temple_overflow_statue_of_worship
D:5:      kennysheep_slugbush, led_sif_book, lemuel_doored_altar,
          xom_redecorated, gammafunk_temple_overflow_claw, first_ration,
          uniq_crazy_yiuf_cottage, uniq_ijyb

Skill      XL: |  1  2  3  4  5  6  7 |
---------------+----------------------+-----
Spellcasting   | 3 4 5 6 |  6.0
Fighting       | 1 2 3 4 |  4.2
Necromancy     | 5 6 7 |  7.6
Dodging        | |  1.5
Stealth        | |  1.5

Action                   |  1- 3 |  4- 6 |  7- 9 || total
-------------------------+-------+-------+-------++-------
Melee: Short sword       |    65 |    81 |    26 ||   172
 Cast: Pain              |    35 |    96 |    47 ||   178
       Animate Skeleton  |    19 |    28 |       ||    47
       Vampiric Draining |       |    17 |     5 ||    22
       Animate Dead      |       |       |     1 ||     1
  Use: Scroll            |     1 |     3 |     4 ||     8
 Stab: Distracted        |     1 |       |       ||     1
       Sleeping          |     2 |     1 |     1 ||     4
Armor: Robe              |    33 |    22 |     7 ||    62
Dodge: Dodged            |    54 |   101 |    21 ||   176

Table legend:
 A = Non-vault XP
 B = Vault XP
 C = Vault XP percentage of total XP
 D = Non-vault monster count
 E = Vault monster count
 F = Vault count percentage of total count
                 A         B        C        D         E       F
            +---------+---------+-------+---------+---------+-------
      Total |    1197 |     145 |  10.8 |     114 |      10 |   8.1
            +---------+---------+-------+---------+---------+-------
        D:1 |      71 |       0 |   0.0 |      26 |       0 |   0.0
        D:2 |      56 |       7 |  11.1 |      29 |       2 |   6.5
        D:3 |     186 |       0 |   0.0 |      20 |       0 |   0.0
        D:4 |     171 |       0 |   0.0 |      14 |       0 |   0.0
        D:5 |     713 |     138 |  16.2 |      25 |       8 |  24.2
            +---------+---------+-------+---------+---------+-------
